| TOP OF THE 1ST |
|
Naperville Lazy Fisherman batting - Pitching for Spokane River Rats : RHP Rick Helling
|
|
Pitching: RHP Rick Helling
|
|
|
Batting: RHB Pokey Reese
|
0-0: Ball 1-0: Ball 2-0: Called Strike 2-1: Swinging Strike 2-2: Strikes out looking
|
|
Batting: SHB Felipe Crespo
|
0-0: Called Strike 0-1: Ball 1-1: Foul Ball, location: 2F 1-2: Fly out, F9 (Line Drive, 9, EV 95.6 MPH)
|
|
Batting: RHB Jeffrey Hammonds
|
0-0: Ball 1-0: Foul Ball, location: 2F 1-1: Ball 2-1: Ball 3-1: Base on Balls
|
|
Batting: LHB Matt Luke
|
0-0: Ball 1-0: Swinging Strike 1-1: Fly out, F7 (Flyball, 7LS, EV 90.6 MPH)
|
| Top of the 1st over - 0 runs, 0 hits, 0 errors, 1 left on base; Naperville 0 - Spokane 0 |
| BOTTOM OF THE 1ST |
|
Spokane River Rats batting - Pitching for Naperville Lazy Fisherman : RHP Charles Nagy
|
|
Pitching: RHP Charles Nagy
|
|
|
Batting: SHB Chuck Carr
|
0-0: Ball 1-0: Bunted foul 1-1: Ball 2-1: Foul Ball, location: 2F 2-2: Foul Ball, location: 2F 2-2: DOUBLE (Line Drive, 7LM, EV 111.9 MPH)
|
|
Batting: LHB Andy Fox
|
0-0: Called Strike 0-1: Ball 1-1: Ball 2-1: Ball 3-1: SINGLE (Line Drive, 4MD, EV 104.4 MPH) Chuck Carr to third Runner from 3rd tries for Home, SAFE, throw by CF to home
|
|
Batting: LHB Michael Tucker
|
0-0: Called Strike 0-1: Swinging Strike 0-2: Ball 1-2: Reached on error, E6 (Groundball, 6, EV 83.8 MPH) Andy Fox to second
|
|
Batting: SHB Gene Kingsale
|
0-0: Called Strike 0-1: Ball 1-1: Foul Ball, location: 2F 1-2: Ball 2-2: Foul Ball, location: 2F 2-2: Ball 3-2: Fielders Choice at 2nd, 4-6 (Groundball, 4M, EV 84.4 MPH) Andy Fox to third
|
|
Batting: RHB Tony Rodriguez
|
0-0: Ball 1-0: Swinging Strike 1-1: Ball 2-1: Ball 3-1: Foul Ball, location: 2F 3-2: Fly out, F8 (Flyball, 8LM, EV 76.3 MPH) Runner from 3rd tags up, SCORES, throw by CF
|
|
Batting: SHB Luis M. Lopez
|
0-0: Called Strike 0-1: Swinging Strike 0-2: Ball 1-2: Ground out 6-3 (Groundball, 6S, EV 85.0 MPH)
|
| Bottom of the 1st over - 2 runs, 2 hits, 1 error, 1 left on base; Naperville 0 - Spokane 2 |
| TOP OF THE 2ND |
|
Naperville Lazy Fisherman batting - Pitching for Spokane River Rats : RHP Rick Helling
|
|
Batting: RHB David Bell
|
0-0: Called Strike 0-1: Ground out 5-3 (Groundball, 56S, EV 90.6 MPH)
|
|
Batting: SHB Denny Hocking
|
0-0: Ball 1-0: Ball 2-0: Swinging Strike 2-1: Swinging Strike 2-2: Fly out, F3 (Popup, 34, EV 81.3 MPH)
|
|
Batting: LHB Dan Peltier
|
0-0: Ball 1-0: Foul Ball, location: 2F 1-1: Ball 2-1: Ball 3-1: Called Strike 3-2: Foul Ball, location: 2F 3-2: Ground out 3-1 (Groundball, 34S, EV 82.5 MPH)
|
| Top of the 2nd over - 0 runs, 0 hits, 0 errors, 0 left on base; Naperville 0 - Spokane 2 |
| BOTTOM OF THE 2ND |
|
Spokane River Rats batting - Pitching for Naperville Lazy Fisherman : RHP Charles Nagy
|
|
Batting: RHB Mark Dalesandro
|
0-0: Called Strike 0-1: Swinging Strike 0-2: Ball 1-2: Ground out U3 (Groundball, 34, EV 103.1 MPH)
|
|
Batting: SHB Doug Brady
|
0-0: Called Strike 0-1: Ground out U3 (Groundball, 3, EV 92.5 MPH)
|
|
Batting: RHB Jose Lind
|
0-0: Called Strike 0-1: Swinging Strike 0-2: Fly out, F7 (Flyball, 78S, EV 74.4 MPH)
|
| Bottom of the 2nd over - 0 runs, 0 hits, 0 errors, 0 left on base; Naperville 0 - Spokane 2 |
| TOP OF THE 3RD |
|
Naperville Lazy Fisherman batting - Pitching for Spokane River Rats : RHP Rick Helling
|
|
Batting: RHB Gary Bennett
|
0-0: Ball 1-0: Ball 2-0: Ball 3-0: Foul Ball, location: 2F 3-1: Called Strike 3-2: Ground out 6-3 (Groundball, 6, EV 83.8 MPH)
|
|
Batting: RHB Gary Disarcina
|
0-0: Foul Ball, location: 2F 0-1: Fly out, F8 (Line Drive, 8RD, EV 91.3 MPH)
|
|
Batting: RHB Pokey Reese
|
0-0: Called Strike 0-1: Ball 1-1: Foul Ball, location: 2F 1-2: Ball 2-2: Fly out, F8 (Flyball, 89S, EV 88.8 MPH)
|
| Top of the 3rd over - 0 runs, 0 hits, 0 errors, 0 left on base; Naperville 0 - Spokane 2 |
| BOTTOM OF THE 3RD |
|
Spokane River Rats batting - Pitching for Naperville Lazy Fisherman : RHP Charles Nagy
|
|
Batting: SHB Chuck Carr
|
0-0: Ball 1-0: Called Strike 1-1: Ball 2-1: Foul Ball, location: 2F 2-2: Foul Ball, location: 2F 2-2: Foul Ball, location: 2F 2-2: Ball 3-2: Foul Ball, location: 2F 3-2: Foul Ball, location: 2F 3-2: Foul Ball, location: 2F 3-2: SINGLE (Line Drive, 8LS, EV 99.4 MPH)
|
|
Batting: LHB Andy Fox
|
0-0: Ball Chuck Carr steals 2nd, throwing error, E2 Chuck Carr to third 1-0: Ball 2-0: Ball 3-0: Hit by Pitch
|
|
Batting: LHB Michael Tucker
|
0-0: Foul Ball, location: 2F 0-1: Foul Ball, location: 2F 0-2: Strikes out looking
|
|
Batting: SHB Gene Kingsale
|
0-0: Called Strike 0-1: TRIPLE (Line Drive, 89XD, EV 101.3 MPH) Chuck Carr scores Andy Fox scores
|
|
Batting: RHB Tony Rodriguez
|
0-0: Ground out 6-3 (Groundball, 6M, EV 109.4 MPH) Gene Kingsale scores
|
|
Batting: SHB Luis M. Lopez
|
0-0: Called Strike 0-1: Foul Ball, location: 2F 0-2: Ball 1-2: Ball 2-2: Ground out 4-3 (Groundball, 4, EV 108.1 MPH)
|
| Bottom of the 3rd over - 3 runs, 2 hits, 1 error, 0 left on base; Naperville 0 - Spokane 5 |
| TOP OF THE 4TH |
|
Naperville Lazy Fisherman batting - Pitching for Spokane River Rats : RHP Rick Helling
|
|
Batting: SHB Felipe Crespo
|
0-0: Ball 1-0: Ball 2-0: Called Strike 2-1: Foul Ball, location: 2F 2-2: Ground out 4-3 (Groundball, 4, EV 106.3 MPH)
|
|
Batting: RHB Jeffrey Hammonds
|
0-0: Called Strike 0-1: Ball 1-1: Swinging Strike 1-2: Strikes out swinging
|
|
Batting: LHB Matt Luke
|
0-0: Ball 1-0: Swinging Strike 1-1: Foul Ball, location: 2F 1-2: Ball 2-2: Strikes out looking
|
| Top of the 4th over - 0 runs, 0 hits, 0 errors, 0 left on base; Naperville 0 - Spokane 5 |
| BOTTOM OF THE 4TH |
|
Spokane River Rats batting - Pitching for Naperville Lazy Fisherman : RHP Charles Nagy
|
|
Batting: RHB Mark Dalesandro
|
0-0: Foul Ball, location: 2F 0-1: Ball 1-1: Called Strike 1-2: Foul Ball, location: 2F 1-2: Strikes out swinging
|
|
Batting: SHB Doug Brady
|
0-0: Swinging Strike 0-1: Fly out, F3 (Line Drive, 3, EV 70.6 MPH)
|
|
Batting: RHB Jose Lind
|
0-0: Ball 1-0: Ball 2-0: SINGLE (Groundball, 34D, EV 96.9 MPH)
|
|
Pitching: RHP Ryan Hancock
|
|
|
Batting: SHB Chuck Carr
|
0-0: Ball 1-0: Called Strike 1-1: Ball 2-1: Ground out 4-3 (Groundball, 34D, EV 100.6 MPH)
|
| Bottom of the 4th over - 0 runs, 1 hit, 0 errors, 1 left on base; Naperville 0 - Spokane 5 |
| TOP OF THE 5TH |
|
Naperville Lazy Fisherman batting - Pitching for Spokane River Rats : RHP Rick Helling
|
|
Batting: RHB David Bell
|
0-0: Foul Ball, location: 2F 0-1: Swinging Strike 0-2: Strikes out looking
|
|
Batting: SHB Denny Hocking
|
0-0: Ball 1-0: Foul Ball, location: 2F 1-1: Fly out, F8 (Flyball, 8RM, EV 80.0 MPH)
|
|
Batting: LHB Dan Peltier
|
0-0: Ball 1-0: Foul Ball, location: 2F 1-1: Ground out 4-3 (Groundball, 4, EV 99.4 MPH)
|
| Top of the 5th over - 0 runs, 0 hits, 0 errors, 0 left on base; Naperville 0 - Spokane 5 |
| BOTTOM OF THE 5TH |
|
Spokane River Rats batting - Pitching for Naperville Lazy Fisherman : RHP Ryan Hancock
|
|
Batting: LHB Andy Fox
|
0-0: Called Strike 0-1: Swinging Strike 0-2: Ball 1-2: Ball 2-2: SINGLE (Groundball, 6, EV 98.1 MPH) (infield hit)
|
|
Batting: LHB Michael Tucker
|
0-0: Ball 1-0: Fly out, F6 (Line Drive, 6, EV 69.4 MPH)
|
|
Batting: SHB Gene Kingsale
|
0-0: Foul Ball, location: 2F 0-1: Called Strike 0-2: Ball 1-2: Ball 2-2: Ball 3-2: Strikes out swinging
|
|
Batting: RHB Tony Rodriguez
|
0-0: Ball 1-0: Fly out, F8 (Flyball, 8RM, EV 90.0 MPH)
|
| Bottom of the 5th over - 0 runs, 1 hit, 0 errors, 1 left on base; Naperville 0 - Spokane 5 |
| TOP OF THE 6TH |
|
Naperville Lazy Fisherman batting - Pitching for Spokane River Rats : RHP Rick Helling
|
|
Batting: RHB Gary Bennett
|
0-0: Called Strike 0-1: Ground out 4-3 (Groundball, 4, EV 86.9 MPH)
|
|
Batting: RHB Gary Disarcina
|
0-0: Foul Ball, location: 2F 0-1: SINGLE (Groundball, 6D, EV 110.6 MPH)
|
|
Batting: RHB Pokey Reese
|
0-0: Ball 1-0: Swinging Strike 1-1: Ball 2-1: Ball 3-1: SINGLE (Flyball, 8RS, EV 95.0 MPH) Gary Disarcina to second Runner from 2nd tries for 3rd, OUT! 8-5
|
|
Batting: SHB Felipe Crespo
|
0-0: Foul Ball, location: 2F 0-1: Ball 1-1: Foul Ball, location: 2F 1-2: Strikes out looking
|
| Top of the 6th over - 0 runs, 2 hits, 0 errors, 1 left on base; Naperville 0 - Spokane 5 |
| BOTTOM OF THE 6TH |
|
Spokane River Rats batting - Pitching for Naperville Lazy Fisherman : RHP Ryan Hancock
|
|
Batting: SHB Luis M. Lopez
|
0-0: Ball 1-0: Ball 2-0: Ball 3-0: Called Strike 3-1: Foul Ball, location: 2F 3-2: Fly out, F9 (Flyball, 89D, EV 106.3 MPH)
|
|
Batting: RHB Mark Dalesandro
|
0-0: Ball 1-0: Ball 2-0: Foul Ball, location: 2F 2-1: Foul Ball, location: 2F 2-2: Ball 3-2: Base on Balls
|
|
Pitching: RHP Shigetoshi Hasegawa
|
|
|
Batting: SHB Doug Brady
|
0-0: Called Strike 0-1: Ball 1-1: Called Strike 1-2: Foul Ball, location: 2F 1-2: Ball 2-2: Ball 3-2: Foul Ball, location: 2F 3-2: Ground out 6-3 (Groundball, 6, EV 104.4 MPH) Mark Dalesandro to second
|
|
Batting: RHB Jose Lind
|
0-0: Ball 1-0: Ball 2-0: Fly out, F5 (Popup, 5F, EV 66.3 MPH)
|
| Bottom of the 6th over - 0 runs, 0 hits, 0 errors, 1 left on base; Naperville 0 - Spokane 5 |
| TOP OF THE 7TH |
|
Naperville Lazy Fisherman batting - Pitching for Spokane River Rats : RHP Rick Helling
|
|
Batting: RHB Jeffrey Hammonds
|
0-0: Ball 1-0: Called Strike 1-1: Ball 2-1: Called Strike 2-2: Ball 3-2: Foul Ball, location: 2F 3-2: Fly out, F4 (Popup, 4, EV 76.9 MPH)
|
|
Batting: LHB Matt Luke
|
0-0: Ball 1-0: Ball 2-0: Ball 3-0: Called Strike 3-1: Called Strike 3-2: Base on Balls
|
|
Batting: RHB David Bell
|
0-0: Foul Ball, location: 2F 0-1: Fly out, F3 (Popup, 3F, EV 65.0 MPH)
|
|
Batting: SHB Denny Hocking
|
0-0: Ball 1-0: Ball 2-0: SINGLE (Groundball, 4MD, EV 96.9 MPH) Matt Luke to second
|
|
Batting: LHB Dan Peltier
|
0-0: Swinging Strike 0-1: Ball 1-1: Called Strike 1-2: Strikes out swinging
|
| Top of the 7th over - 0 runs, 1 hit, 0 errors, 2 left on base; Naperville 0 - Spokane 5 |
| BOTTOM OF THE 7TH |
|
Spokane River Rats batting - Pitching for Naperville Lazy Fisherman : RHP Shigetoshi Hasegawa
|
|
Batting: SHB Chuck Carr
|
0-0: Ground out 4-3 (Groundball, 34, EV 106.3 MPH)
|
|
Batting: LHB Andy Fox
|
0-0: Called Strike 0-1: Swinging Strike 0-2: Ball 1-2: SINGLE (Line Drive, 34D, EV 101.9 MPH)
|
|
Batting: LHB Michael Tucker
|
0-0: Foul Ball, location: 2F 0-1: Ball 1-1: Ball 2-1: Ball 3-1: DOUBLE (Line Drive, 7LS, EV 100.0 MPH) Andy Fox to third Runner from 3rd tries for Home, SAFE, throw by LF to trailing runner, SAFE at third!
|
|
Batting: SHB Gene Kingsale
|
0-0: Called Strike 0-1: Foul Ball, location: 2F 0-2: Foul Ball, location: 2F 0-2: Ball 1-2: Strikes out swinging
|
|
Batting: RHB Tony Rodriguez
|
0-0: DOUBLE (Groundball, 5L, EV 101.9 MPH) Michael Tucker scores
|
|
Pinch Hitting: RHB Rico Rossy
|
0-0: Ball 1-0: Foul Ball, location: 2F 1-1: DOUBLE (Flyball, 8LD, EV 86.3 MPH) Tony Rodriguez scores
|
|
Batting: RHB Mark Dalesandro
|
0-0: Ball 1-0: Foul Ball, location: 2F 1-1: Ball 2-1: Called Strike 2-2: Foul Ball, location: 2F 2-2: Ground out 1-3 (Groundball, 13S, EV 62.5 MPH)
|
| Bottom of the 7th over - 3 runs, 4 hits, 0 errors, 1 left on base; Naperville 0 - Spokane 8 |
| TOP OF THE 8TH |
|
Naperville Lazy Fisherman batting - Pitching for Spokane River Rats : RHP Rick Helling
|
|
Now at 3B: Rico Rossy
|
|
|
Batting: RHB Gary Bennett
|
0-0: Called Strike 0-1: Fly out, F9 (Flyball, 9S, EV 88.8 MPH)
|
|
Pinch Hitting: SHB Walt Weiss
|
0-0: Called Strike 0-1: Called Strike 0-2: Foul Ball, location: 2F 0-2: Foul Ball, location: 2F 0-2: Foul Ball, location: 2F 0-2: Ball 1-2: Foul Ball, location: 2F 1-2: Foul Ball, location: 2F 1-2: Strikes out swinging
|
|
Batting: RHB Pokey Reese
|
0-0: Ball 1-0: Fly out, F9 (Flyball, 9S, EV 88.1 MPH)
|
| Top of the 8th over - 0 runs, 0 hits, 0 errors, 0 left on base; Naperville 0 - Spokane 8 |
| BOTTOM OF THE 8TH |
|
Spokane River Rats batting - Pitching for Naperville Lazy Fisherman : RHP Shigetoshi Hasegawa
|
|
Now at SS: Walt Weiss
|
|
|
Batting: SHB Doug Brady
|
0-0: Swinging Strike 0-1: Ball 1-1: Foul Ball, location: 2F 1-2: Ball 2-2: Strikes out swinging
|
|
Batting: RHB Jose Lind
|
0-0: Called Strike 0-1: SINGLE (Groundball, 6MD, EV 103.8 MPH)
|
|
Pitching: LHP Dennys Reyes
|
|
|
Pinch Hitting: SHB Chris Latham
|
0-0: Ball 1-0: Ball 2-0: Called Strike 2-1: Fly out, F8 (Flyball, 8RXD, EV 89.4 MPH)
|
|
Batting: LHB Andy Fox
|
0-0: Foul Ball, location: 2F 0-1: Called Strike 0-2: Ball 1-2: Foul Ball, location: 2F 1-2: Foul Ball, location: 2F 1-2: Fielders Choice at 2nd, 6-4 (Groundball, 6, EV 91.3 MPH)
|
| Bottom of the 8th over - 0 runs, 1 hit, 0 errors, 1 left on base; Naperville 0 - Spokane 8 |
| TOP OF THE 9TH |
|
Naperville Lazy Fisherman batting - Pitching for Spokane River Rats : RHP Rick Helling
|
|
Now in RF: Chris Latham
|
|
|
Batting: SHB Felipe Crespo
|
0-0: Ball 1-0: Called Strike 1-1: Ball 2-1: Fly out, F9 (Flyball, 89M, EV 86.3 MPH)
|
|
Batting: RHB Jeffrey Hammonds
|
0-0: Called Strike 0-1: SOLO HOME RUN (Flyball, 78XD, EV 105.0 MPH), Distance : 398 ft
|
|
Batting: LHB Matt Luke
|
0-0: Foul Ball, location: 2F 0-1: Ball 1-1: SINGLE (Line Drive, 8RS, EV 107.5 MPH)
|
|
Pitching: RHP Doug Brocail
|
|
|
Batting: RHB David Bell
|
0-0: Called Strike 0-1: Ball 1-1: Called Strike 1-2: Ball 2-2: Ball 3-2: Grounds into double play, 6-4-3 (Groundball, 6, EV 109.4 MPH)
|
| Top of the 9th over - 1 run, 2 hits, 0 errors, 0 left on base; Naperville 1 - Spokane 8 |
|